 Dungeon Crawl Stone Soup version 0.31.0-11-ge490571c62 (webtiles) character file.

Game seed: 4876289098130801280

47 Peloso the Shield-Bearer (level 3, 29/29 HPs)
             Began as a Minotaur Fighter on Feb 10, 2024.
             Got out of the dungeon alive.
             The game lasted 00:01:41 (1224 turns).

Peloso the Shield-Bearer (Minotaur Fighter)         Turns: 1224, Time: 00:01:42

Health: 29/29      AC:  8    Str: 20    XL:     3   Next: 48%
Magic:  2/2        EV:  9    Int:  5    God:
Gold:   51         SH:  4    Dex: 11    Spells: 2/2 levels left

rFire   . . .        a - +0 long sword
rCold   . . .        c - +0 buckler
rNeg    . . .        b - +1 scale mail
rPois   .            (helmet unavailable)
rElec   .            (no cloak)
rCorr   .            (no gloves)
SInv    .            (no boots)
Will    .....        (no amulet) Stlth
                     g - +4 ring of slaying
HPRegen 0.24/turn    (no ring)
MPRegen 0.08/turn

%: no passive effects
@: no status effects
A: horns 3, retaliatory headbutt, frail 1
a: no special abilities


You escaped.
You visited 1 branch of the dungeon, and saw 2 of its levels.

You collected 51 gold pieces.

Inventory:

Hand Weapons
 a - a +0 long sword (weapon)
Armour
 b - a +1 scale mail (worn)
 c - a +0 buckler (worn)
 e - a +1 hat
Jewellery
 g - a +4 ring of slaying (left hand)
Potions
 d - a potion of might


   Skills:
 + Level 4.1 Fighting
 + Level 2.8 Long Blades
 + Level 4.0 Armour
 + Level 1.1 Dodging
 + Level 4.3 Shields


You had 2 spell levels left.
You didn't know any spells.
Your spell library was empty.

Dungeon Overview and Level Annotations

Branches:
Dungeon (2/15)

Altars:


Innate Abilities, Weirdness & Mutations

You have a pair of large horns on your head.
You reflexively headbutt those who attack you in melee.
You are frail. (-10% HP)


Message History

You block the bat's attack. The kobold hits you but does no damage.
The kobold hits you but does no damage. You block the bat's attack.
You see here a rat corpse.
The bat attacks as it pursues you! The bat barely misses you.
You furiously retaliate!
You headbutt the bat.
You kill the bat!
You see here a +4 ring of slaying.
The kobold attacks as it pursues you! The kobold hits you but does no damage.
You hit the kobold. Your headbutt misses the kobold.
The kobold is moderately wounded.
The kobold hits you but does no damage. x2
You closely miss the kobold. Your headbutt misses the kobold.
The kobold is moderately wounded.
The kobold closely misses you. You furiously retaliate!
You headbutt the kobold!
You kill the kobold!
g - a +4 ring of slaying
Things that are here:
a +0 dagger; a kobold corpse You see here a rat corpse.
You now have 51 gold pieces (gained 6).
You see here a rat corpse.
Things that are here:
a +0 dagger; a kobold corpse
g - a +4 ring of slaying (left hand) It was a potion of mutation.
You feel extremely strange. The horns on your head grow some more.
Your +1 hat falls away!
You feel frail.
What level of the Dungeon? (default 12, ? - help)
You see here a dart slug corpse.
There is a stone staircase leading up here.
You climb upwards.
There is a stone staircase leading down here.
There is an open door here.
There is an open door here.
There is an open door here.
There is an open door here.
There is a staircase leading out of the dungeon here.
You have escaped!

##...#.#.#.............##..>.....
.....#.#.#.###########.####.#####
.....#.#.#..#.......#..#....#
...###.#.#.#.#######.#.##...#
...# #.#.#.##.......##.##...#
...# #.#.#.#.###'###.#.##...#####
...###.#.#.#.#.....#.#.##........
.......###.#.#.....#.#.###..#####
.#####.'.'.#.+..@..'.#.'.'..#
.#########.#.#.....#.#.###..#
.........#.#.#.....#.#.# ##.#
..######.#.#.###+###.#.# #.# #.#
#.#.##.......##.# #.# #.#
#.#.#.#######.#.# #.# #.#
#.#..#.......#..####.#### #.##
#.#.###########.#.......#
#..#####.#.............#.##.##.#


There were no monsters in sight!

Vanquished Creatures
  An adder (D:2)
  A dart slug (D:2)
  2 endoplasms (D:2)
  2 giant cockroaches (D:1)
  3 goblins
  5 hobgoblins
  2 jackals (D:1)
  5 kobolds
  2 quokkas
  A ball python (D:1)
  3 bats
  4 frilled lizards (D:1)
  A rat (D:2)
32 creatures vanquished.

Notes
Turn   | Place    | Note
-------+----------+-------------------------------------------
     0 | D:1      | Peloso the Minotaur Fighter began the quest for the Orb.
     0 | D:1      | Reached XP level 1. HP: 19/19 MP: 0/0
   149 | D:1      | Reached XP level 2. HP: 27/27 MP: 1/1
   434 | D:1      | Found a faded altar of an unknown god.
  1065 | D:2      | Reached skill level 1 in Dodging
  1065 | D:2      | Reached XP level 3. HP: 24/33 MP: 2/2
  1169 | D:2      | Gained mutation: You have a pair of large horns on your
                  | head. [potion of mutation]
  1169 | D:2      | Gained mutation: You are frail. (-10% HP) [potion of
                  | mutation]
  1224 | D:$      | Got out of the dungeon alive.

Illustrated notes

Levels and vault maps discovered:
D:1:      matt_arrival_los_fun, layout_basic,
          ebering_ecumenical_altar_petrified, minmay_surrounded
D:2:      layout_rooms, minmay_misc_feat_roman

Skill      XL: |  1  2  3 |
---------------+----------+-----
Shields        | 4 |  4.3
Fighting       | 4 |  4.1
Dodging        | 1 |  1.1
Armour         | 4 |  4.0
Long Blades    | |  2.8

Action                     || total
---------------------------++-------
  Melee: Long sword        ||    76
         Headbutt          ||     9
    Use: Scroll            ||     2
         Potion            ||     1
 Armour: Scale mail        ||    89
  Dodge: Dodged            ||    48
  Block: Buckler           ||    29
